 Dungeon Crawl Stone Soup version 0.21.1-1-g345015f (webtiles) character file.

163 Wander the Shield-Bearer (level 5, 41/41 HPs)
             Began as a Formicid Fighter on May 4, 2018.
             Quit the game on level 3 of the Dungeon.
             The game lasted 00:04:31 (2452 turns).

Wander the Shield-Bearer (Formicid Fighter)         Turns: 2452, Time: 00:04:33

Health: 41/41      AC:  9    Str: 22    XL:     5   Next: 73%
Magic:  5/5        EV:  6    Int:  4    God:
Gold:   96         SH: 10    Dex: 10    Spells: 4/4 levels left

rFire    . . .     SeeInvis +   a - +0 trident
rCold    . . .     Gourm    .   c - +0 shield
rNeg     . . .     Faith    .   p - +0 chain mail
rPois    .         Spirit   .   (helmet unavailable)
rElec    .         Reflect  .   (no cloak)
rCorr    .         Harm     .   (no gloves)
MR       .....                  (no boots)
Stlth    ..........             (no amulet)
HPRegen  0.13/turn              b - ring of wizardry
MPRegen  0.09/turn              o - -3 ring of intelligence (curse)

@: no status effects
A: permanent stasis, dig shafts and tunnels, four strong arms, antennae 3
a: Dig, Shaft Self


You were on level 3 of the Dungeon.
You were not hungry.

You visited 1 branch of the dungeon, and saw 3 of its levels.

You collected 96 gold pieces.

Inventory:

Hand Weapons
 a - a +0 trident (weapon)
Armour
 c - a +0 shield (worn)
 p - a +0 chain mail (worn)
Jewellery
 b - a ring of wizardry (left hand)
 o - a cursed -3 ring of intelligence (right hand)
Wands
 l - a wand of flame (24)
 n - a wand of digging (15)
Scrolls
 e - a scroll of teleportation {unknown}
 g - 3 scrolls of remove curse {unknown}
 h - 2 scrolls of identify {unknown}
 i - 2 scrolls of magic mapping {unknown}
Potions
 d - a potion of might
 j - 2 potions of curing {unknown}
 k - a potion of berserk rage {unknown}
 m - a potion of resistance {unknown}
Comestibles
 f - 8 rations


   Skills:
 - Level 3.2 Fighting
 * Level 4.7 Polearms
 - Level 3.2 Armour
 + Level 4.9 Shields


You had 4 spell levels left.
You didn't know any spells.

Dungeon Overview and Level Annotations

Branches:
Dungeon (3/15)

Altars:


Innate Abilities, Weirdness & Mutations

You cannot be hasted, slowed, berserked, paralysed or teleported.
You can dig through walls and to a lower floor.
Your four strong arms can wield two-handed weapons with a shield.
You have a pair of large antennae on your head. (SInv)


Message History

The ball python is too close now for your liking.
You see here a ration.
You puncture the ball python!
You kill the ball python!
No target in view!
No target in view!
No target in view!
f - 7 rations (gained 1)
You now have 83 gold pieces (gained 6).
HP restored.
f - 8 rations (gained 1)
o - a twisted diamond ring You sense a monster nearby.
Put on which piece of jewellery? (? for menu, Esc to quit)
You feel stupid.
Oops, that ring feels deathly cold.
o - a cursed -3 ring of intelligence (right hand)
You now have 96 gold pieces (gained 13).
A frilled lizard comes into view.
Are you sure you want to abandon this character and quit the game? (Confirm with "yes".)

##.....## ##...........
#............
############............
........................
........#..#............
..........##............
.........###............
.........####...@.......
..........# #.......#...
........................
(.......####..#..#######
†......## #..#...l
##....## ...##.....
###.#.###... .......
###.......###.##.....
........### .#


You could see a frilled lizard (wandering).

Vanquished Creatures
  An orc priest (D:2)
  Jessica (D:2)
  A worker ant (D:3)
  3 adders (D:2)
  2 worms (D:2)
  2 dart slugs
  4 orcs
  2 giant cockroaches (D:2)
  2 goblins (D:2)
  4 hobgoblins
  2 jackals
  A quokka (D:3)
  3 ball pythons
  6 bats
  5 frilled lizards
  6 kobolds
  7 rats
52 creatures vanquished.

Notes
Turn   | Place    | Note
-------+----------+-------------------------------------------
     0 | D:1      | Wander the Formicid Fighter began the quest for the Orb.
     0 | D:1      | Reached XP level 1. HP: 18/18 MP: 1/1
   194 | D:1      | Reached XP level 2. HP: 24/24 MP: 2/2
   810 | D:2      | Reached XP level 3. HP: 27/29 MP: 3/3
  1326 | D:2      | Reached XP level 4. HP: 31/35 MP: 4/4
  1598 | D:2      | Noticed Jessica
  1605 | D:2      | Killed Jessica
  1936 | D:2      | Reached XP level 5. HP: 26/41 MP: 5/5
  2452 | D:3      | Quit the game

Skill      XL: |  1  2  3  4 |
---------------+-------------+-----
Shields        | 4 |  4.9
Polearms       | 3 4 |  4.7
Fighting       | |  3.2
Armour         | |  3.2

Action                   |  1- 3 |  4- 6 || total
-------------------------+-------+-------++-------
Melee: Trident           |   134 |    95 ||   229
 Abil: Dig               |     2 |       ||     2
  Eat: Chunk             |     1 |     4 ||     5
Armor: Scale mail        |    39 |    27 ||    66
       Chain mail        |       |    13 ||    13
Dodge: Dodged            |    33 |    31 ||    64
Block: Shield            |    51 |    61 ||   112
